 Dungeon Crawl Stone Soup version 0.28.0-53-g5a82cb258f (webtiles) character file.

Game seed: 9106654619340491605

317 unlimited1921 the Magician (level 6, -3/42 HPs)
             Began as a Djinni Fire Elementalist on July 20, 2022.
             Shot with an arrow by a centaur (14 damage)
             ... on level 4 of the Dungeon.
             The game lasted 00:10:33 (6005 turns).

unlimited1921 the Magician (DjFE)                   Turns: 6005, Time: 00:10:36

Health: -3/42      AC:  2    Str:  7    XL:     6   Next: 73%
Gold:   84         EV: 13    Int: 18    God:
                   SH:  0    Dex: 17

rFire   + + .      SeeInvis .   j - +10 quarterstaff "Wievikap" {freeze, Drain rElec Dex+3}
rCold   x . .      Faith    .   (shield currently unavailable)
rNeg    . . .      Spirit   .   a - +0 robe
rPois   ∞          Reflect  .   (no helmet)
rElec   +          Harm     .   (no cloak)
rCorr   .          Rampage  .   (no gloves)
Will    .....                   (boots unavailable)
Stlth   ++........              (no amulet)
HPRegen 0.14/turn               (no ring)
MPRegen 0.00/turn               (no ring)

@: flying
A: sickness immunity, fire resistance 2, cold vulnerability 1, float, innate
caster, HP casting, extra vitality 1
a: no special abilities


You were on level 4 of the Dungeon.
You visited 1 branch of the dungeon, and saw 4 of its levels.

You collected 159 gold pieces.
You spent 75 gold pieces at shops.

Inventory:

Hand Weapons
 f - a +0 hand axe
 j - the +10 quarterstaff "Wievikap" (weapon) {freeze, Drain rElec Dex+3}
   (You found it on level 3 of the Dungeon)

   It freezes those it strikes, dealing additional cold damage.
   It can also slow down cold-blooded creatures.
   Dex:       It affects your dexterity (+3).
   rElec:     It insulates you from electricity.
   Drain:     It drains your maximum health when unequipped.
Missiles
 b - 78 stones
 h - 21 poisoned darts
 i - a throwing net
Armour
 a - a +0 robe (worn)
Jewellery
 k - a +6 ring of dexterity
Scrolls
 c - 3 scrolls of fog {unknown}
 d - a scroll of immolation {unknown}
 l - 2 scrolls of identify {unknown}
 m - a scroll of magic mapping {unknown}
 n - 2 scrolls of teleportation {unknown}
 q - a scroll of blinking
 r - a scroll of fear {unknown}
 s - a scroll of amnesia {unknown}
Potions
 e - a potion of magic {unknown}
 g - a potion of haste {unknown}
 o - a potion of might {unknown}
 p - a potion of brilliance {unknown}
 t - a potion of flight {unknown}


   Skills:
 + Level 1.1 Fighting
 + Level 2.2 Staves
 + Level 2.7 Dodging
 + Level 2.8 Stealth
 + Level 4.2 Spellcasting


You couldn't memorise any spells.
You knew the following spells:

 Your Spells              Type           Power      Damage    Failure   Level
a - Foxfire               Conj/Fire      76%        2x1d7     2%          1
b - Scorch                Fire           38%        2d7       3%          2
c - Conjure Flame         Conj/Fire      19%        6-21      8%          3
d - Inner Flame           Hex/Fire       19%        N/A       8%          3
e - Flame Wave            Conj/Fire      19%        2d6       26%         4
f - Apportation           Tloc           38%        N/A       2%          1
g - Searing Ray           Conj           38%        2d5       3%          2
Your spell library was empty.

Dungeon Overview and Level Annotations

Branches:
Dungeon (4/15)
 Temple: D:4-7

Altars:
Trog

Shops:
D:4 *


Innate Abilities, Weirdness & Mutations

You are immune to sickness and miasma.
You are immune to poison.
Your flesh is very heat resistant. (rF++)
You are vulnerable to cold. (rC-)
You float through the air rather than walking.
You learn spells naturally, not from books.
Your magical power is your life essence.
You have superior vitality. (+4 MHP)


Message History

No target in view!
You now have 78 gold pieces (gained 9).
You now have 84 gold pieces (gained 6).
There is an escape hatch in the floor here.
Found a robe.
You see here a hound corpse.
You see here a hound corpse.
A goblin comes into view. It is wielding a +0 club.
The goblin barely misses you.
You sock the goblin! You freeze the goblin.
You kill the goblin!
No target in view!
No target in view!
You see here a +0 club.
An adder comes into view.
Found an escape hatch in the ceiling.
The adder hisses angrily.
The adder misses you. The adder closely misses you.
You sock the adder!
The adder seems to slow down.
You freeze the adder.
You kill the adder!
No target in view!
No target in view!
A centaur comes into view.
The centaur shouts!
The centaur wields a +0 shortbow.
The centaur shoots an arrow.
The arrow hits you.
The centaur shoots an arrow.
The arrow hits you!
The centaur shoots an arrow.
The arrow barely misses you.
The centaur shoots an arrow.
The arrow hits you.
The centaur shoots an arrow.
The arrow completely misses you.
The centaur shoots an arrow.
The arrow hits you!
You are too injured to fight recklessly!
You are too injured to fight recklessly!
Casting: Scorch (safe; 3% risk of failure)
Confirm with . or Enter, or press ? or * to list all spells.
Flames lash the centaur.
The centaur is moderately wounded.
The centaur's fire resistance burns away.
* * * LOW HITPOINT WARNING * * *
The centaur shoots an arrow.
The arrow hits you!
You die...

## ##. . ..# .# .. ##. #
###.# .. .c # ##...###.
.# # ..#.....###.# #
#.#.#.#...@.# ####
##.#.#.#...#.......
...###....#.###.#....###
##.##.....#.....###..#
..............#......#
#####.....###$#......#
##.<..# #.###.####
#######.#.# #.. .#
.....##....##.#. ##


You could see a centaur (combustible).

Vanquished Creatures
  An ogre (D:4)
  2 hounds (D:4)
  Terence (D:2)
  A hound skeleton (D:4)
  5 adders
  A dart slug (D:4)
  5 ball pythons
  7 bats
  5 endoplasms
  7 giant cockroaches
  10 goblins
  8 hobgoblins
  5 jackals
  7 quokkas
  5 frilled lizards
  8 kobolds
  8 rats
86 creatures vanquished.

Vanquished Creatures (collateral kills)
  A foxfire (D:1)
1 creature vanquished.

Vanquished Creatures (others)
  207 foxfires
207 creatures vanquished.

Grand Total: 294 creatures vanquished

Notes
Turn   | Place    | Note
-------+----------+-------------------------------------------
     0 | D:1      | unlimited1921 the Djinni Fire Elementalist began the quest
                  | for the Orb.
     0 | D:1      | Reached XP level 1. HP: 15/15 MP: 0/0
   647 | D:1      | Reached XP level 2. HP: 18/21 MP: 0/0
  1202 | D:1      | Found a faded altar of an unknown god.
  1407 | D:1      | Reached skill level 3 in Spellcasting
  1575 | D:1      | Reached XP level 3. HP: 13/25 MP: 0/0
  1575 | D:1      | Learned a level 1 spell: Apportation
  2903 | D:2      | Noticed Terence
  2913 | D:2      | Killed Terence
  2914 | D:2      | Reached XP level 4. HP: 22/31 MP: 0/0
  4625 | D:3      | Identified the +10 quarterstaff "Wievikap" {freeze, Drain
                  | rElec Dex+3}
  4711 | D:3      | Reached XP level 5. HP: 30/35 MP: 0/0
  4711 | D:3      | Learned a level 2 spell: Searing Ray
  4739 | D:3      | Reached skill level 4 in Spellcasting
  5497 | D:4      | Found a bloodstained altar of Trog.
  5551 | D:4      | Found Femuex's General Store.
  5557 | D:4      | Bought a scroll of blinking for 75 gold pieces
  5565 | D:4      | Noticed an ogre
  5572 | D:4      | Killed an ogre
  5573 | D:4      | Reached skill level 1 in Staves
  5573 | D:4      | Reached XP level 6. HP: 37/41 MP: 0/0
  5788 | D:4      | Reached skill level 1 in Fighting
  6005 | D:4      | Shot with an arrow by a centaur

Illustrated notes

Levels and vault maps discovered:
D:1:      minmay_arrival_semitransparent, layout_rooms,
          shapermc_ecumenical_altar_hornbeckon
D:2:      layout_loops_cross, uniq_terence
D:3:      layout_rooms
D:4:      layout_loops_ring, trog_three_pillars_becter,
          nicolae_overflow_quartered_altars, serial_shops,
          kennysheep_little_box, hangedman_decor_points, minmay_starry_boxes

Skill      XL: |  1  2  3  4  5  6 |
---------------+-------------------+-----
Spellcasting   | 3 4 |  4.2
Stealth        | 2 |  2.8
Staves         | 1 2 |  2.2
Fighting       | 1 |  1.1
Dodging        | |  2.7

Action                   |  1- 3 |  4- 6 || total
-------------------------+-------+-------++-------
Melee: Unarmed           |     1 |       ||     1
       Quarterstaff      |       |    46 ||    46
       Hand axe          |       |     3 ||     3
 Cast: Foxfire           |    70 |    58 ||   128
       Scorch            |     4 |     5 ||     9
 Stab: Sleeping          |       |     5 ||     5
Armor: Robe              |       |     5 ||     5
Dodge: Dodged            |     3 |    38 ||    41
